 Dungeon Crawl Stone Soup version 0.22-a0-406-g9ff8d77 (webtiles) character file.

2137 iamserjio the Grappler (level 9, -4/64 HPs)
             Began as a Ghoul Necromancer on May 8, 2018.
             Was a Believer of Cheibriados.
             Slain by a water moccasin skeleton (7 damage)
             ... on level 7 of the Dungeon.
             The game lasted 00:32:10 (11067 turns).

iamserjio the Grappler (Ghoul Necromancer)         Turns: 11067, Time: 00:32:10

Health: -4/64      AC:  2    Str: 17    XL:     9   Next: 30%
Magic:  8/20       EV: 12    Int: 15    God:    Cheibriados [**....]
Gold:   222        SH:  5    Dex: 14    Spells: 1/12 levels left

rFire    . . .     SeeInvis .     - Unarmed
rCold    + . .     Gourm    .   m - +0 buckler
rNeg     + + +     Faith    .   a - +0 robe
rPois    ∞         Spirit   .   (no helmet)
rElec    .         Reflect  .   (no cloak)
rCorr    .         Harm     .   (no gloves)
MR       .....                  (no boots)
Stlth    ++........             (no amulet)
HPRegen  0.00/turn              f - ring of magical power
MPRegen  0.17/turn              r - ring of poison resistance

@: flying, very slightly contaminated, rotting, very slow
A: rotting body, claws 1, carnivore, cold resistance 1, negative energy
resistance 3, inhibited regeneration, torment resistance, unbreathing
a: Bend Time, Renounce Religion


You were on level 7 of the Dungeon.
You worshipped Cheibriados.
Cheibriados was pleased with you.
You were not hungry.

You visited 2 branches of the dungeon, and saw 8 of its levels.

You collected 402 gold pieces.
You spent 180 gold pieces at shops.

Inventory:

Armour
 a - a +0 robe (worn)
 j - a +0 leather armour
 m - a +0 buckler (worn)
 o - a +0 scale mail
 q - the +1 leather armour of Temperance {Int+4, unknown}
   (You found it on level 7 of the Dungeon)

   It affects your intelligence (+4).
 t - a +0 ring mail
Jewellery
 f - a ring of magical power (left claw)
 r - a ring of poison resistance (right claw)
Wands
 g - a wand of polymorph (16)
Scrolls
 b - 2 scrolls of teleportation
 d - 2 scrolls of remove curse {unknown}
 e - a scroll of fear {unknown}
 l - 2 scrolls of enchant armour {unknown}
 n - 2 scrolls of enchant weapon {unknown}
 s - 2 scrolls of fog
 x - a scroll of magic mapping {unknown}
Potions
 i - a potion of heal wounds {unknown}
 k - a potion of flight
 p - a potion of agility {unknown}
 u - a potion of brilliance {unknown}
 w - a potion of resistance {unknown}
 A - 2 potions of haste {unknown}
Comestibles
 c - 9 rations
 h - 5 chunks of flesh


   Skills:
 + Level 1.1 Fighting
 + Level 0.8 Armour
 - Level 1.7 Dodging
 - Level 2.1 Stealth
 - Level 4.0 Shields
 * Level 10.0 Unarmed Combat
 - Level 2.0 Spellcasting
 - Level 6.0 Necromancy
 + Level 3.3 Invocations


You had one spell level left.
You knew the following spells:

 Your Spells              Type           Power        Failure   Level  Hunger
a - Pain                  Necr           ###.         1%          1    #......
b - Vampiric Draining     Necr           ###.......   5%          3    ###....
c - Animate Skeleton      Necr           N/A          1%          1    #......
d - Conjure Flame         Conj/Fire      #.......     54%         3    ###....
e - Regeneration          Chrm/Necr      ##........   19%         3    ###....


Dungeon Overview and Level Annotations

Branches:
Dungeon (7/15)             Temple (1/1) D:4

Altars:
Cheibriados
Dithmenos
Fedhas
Hepliaklqana
Kikubaaqudgha
Makhleb
Uskayaw
Vehumet

Shops:
D:6 *


Innate Abilities, Weirdness & Mutations

Your body is rotting away.
You thrive on raw meat.
You are immune to poison.
You have sharp fingernails.
You are carnivorous and can eat meat at any time.
Your flesh is cold resistant. (rC+)
You are immune to negative energy. (rN+++)
You do not regenerate when monsters are visible.
You are immune to unholy pain and torment.
You can survive without breathing.


Message History

* * * LOW HITPOINT WARNING * * *
Your surroundings suddenly seem different.
Things that are here:
a great mace; a leather armour A water moccasin skeleton comes into view.
You barely miss the water moccasin skeleton.
The water moccasin skeleton barely misses you.
You scratch the water moccasin skeleton.
The water moccasin skeleton is lightly damaged.
You block the water moccasin skeleton's attack.
You claw the water moccasin skeleton!
The water moccasin skeleton is moderately damaged.
The water moccasin skeleton closely misses you.
You barely miss the water moccasin skeleton.
The water moccasin skeleton is moderately damaged.
The water moccasin skeleton misses you.
You scratch the water moccasin skeleton.
The water moccasin skeleton is moderately damaged.
The water moccasin skeleton bites you!
You die...

#..>......#.#####.....
...................#
#.#................##
#.#........####.##..#
#..#......##
#.###.#### ##......##
#.###..... #....#.##
#.#....... .......Z#
#.#.......
#.@#######.#.......
#...........[......
#................##
##.............###
............#...#
.......).....)..##
#####...........#####
#.........##.....
#.........##.....


You could see a water moccasin skeleton.

Vanquished Creatures
  A human (D:4)
  A hungry ghost (D:5)
  3 black bears
  2 sky beasts
  A phantom (D:6)
  3 ogres
  4 scorpions
  2 howler monkeys
  2 crimson imps (D:6)
  6 orc priests
  A hound (D:6)
  2 jellies
  6 orc wizards
  An iguana (D:4)
  3 worker ants
  A hound skeleton (D:6)
  A worker ant zombie (D:6)
  5 adders
  A shadow imp (D:6)
  2 oozes
  An adder skeleton (D:4)
  A worm (D:3)
  3 dart slugs
  2 leopard geckos
  21 orcs
  A ball python (D:1)
  4 bats (D:1)
  3 giant cockroaches
  6 goblins
  5 hobgoblins
  5 jackals
  5 kobolds
  4 quokkas
  A frilled lizard (D:3)
  A jackal skeleton (D:4)
  2 leopard gecko skeletons
  6 rats
119 creatures vanquished.

Vanquished Creatures (others)
  A withered plant (D:6)
1 creature vanquished.

Grand Total: 120 creatures vanquished

Notes
Turn   | Place    | Note
-------+----------+-------------------------------------------
     0 | D:1      | iamserjio the Ghoul Necromancer began the quest for the Orb.
     0 | D:1      | Reached XP level 1. HP: 14/14 MP: 2/2
   405 | D:1      | Reached skill level 1 in Unarmed Combat
   418 | D:1      | Reached XP level 2. HP: 16/20 MP: 1/3
   839 | D:1      | Reached skill level 2 in Unarmed Combat
   850 | D:1      | Reached XP level 3. HP: 23/26 MP: 0/5
  2109 | D:2      | Learned a level 3 spell: Vampiric Draining
  2111 | D:2      | Learned a level 1 spell: Animate Skeleton
  3134 | D:3      | Reached XP level 4. HP: 27/27 MP: 3/6
  3223 | D:3      | Reached skill level 3 in Unarmed Combat
  4010 | D:3      | Reached skill level 1 in Shields
  4010 | D:3      | Reached XP level 5. HP: 38/38 MP: 2/7
  4695 | D:3      | Reached skill level 4 in Unarmed Combat
  5163 | D:4      | Reached skill level 5 in Necromancy
  5163 | D:4      | Reached XP level 6. HP: 32/44 MP: 8/8
  5538 | D:5      | Entered Level 5 of the Dungeon
  5941 | D:4      | Noticed a hungry ghost
  6368 | D:4      | Reached skill level 5 in Unarmed Combat
  6478 | D:4      | Noticed a phantom
  6495 | D:4      | Reached XP level 7. HP: 21/50 MP: 3/9
  7106 | D:4      | Reached skill level 6 in Unarmed Combat
  7195 | D:4      | Noticed a human
  7195 | D:4      | an ogre changed into a human
  7206 | D:4      | Killed a human
  7513 | D:4      | Found a staircase to the Ecumenical Temple.
  7516 | D:4      | Identified the Almanac of Earthen Ignition
  7524 | Temple   | Entered the Ecumenical Temple
  7567 | Temple   | Became a worshipper of Cheibriados the Contemplative
  8205 | D:5      | Reached skill level 7 in Unarmed Combat
  8205 | D:5      | Reached skill level 1 in Invocations
  8234 | D:5      | Killed a hungry ghost
  8234 | D:5      | Reached XP level 8. HP: 42/56 MP: 10/10
  8558 | D:5      | Found a blossoming altar of Fedhas.
  9472 | D:6      | Reached * piety under Cheibriados
  9550 | D:6      | Reached skill level 8 in Unarmed Combat
  9589 | D:6      | Found Geanoiq's General Store.
  9593 | D:6      | Bought a scroll of identify for 30 gold pieces
 10113 | D:6      | Reached skill level 9 in Unarmed Combat
 10142 | D:6      | Reached XP level 9. HP: 54/62 MP: 11/11
 10183 | D:6      | Learned a level 3 spell: Conjure Flame
 10187 | D:6      | Learned a level 3 spell: Regeneration
 10344 | D:6      | Found an ancient bone altar of Kikubaaqudgha.
 10448 | D:6      | Found a hazy altar of Hepliaklqana.
 10581 | D:6      | Found a shadowy altar of Dithmenos.
 10592 | D:6      | Found a hide-covered altar of Uskayaw.
 10774 | D:6      | Bought a ration for 75 gold pieces
 10774 | D:6      | Bought a ration for 75 gold pieces
 10841 | D:7      | Reached ** piety under Cheibriados
 10851 | D:7      | Got a warped leather armour
 10934 | D:7      | Reached skill level 1 in Fighting
 10934 | D:7      | Reached skill level 10 in Unarmed Combat
 11051 | D:7      | HP: 2/64 [hippogriff (7)]
 11067 | D:7      | Slain by a water moccasin skeleton

Vault maps used:
D:1:      onia_arrival_mini_maze
D:2:      first_ration, serial_co_window_serial, co_window_paths_a,
          co_window_paths_b, co_window_paths_b, co_window_corner_a,
          co_window_paths_a, co_window_broadway_c, co_window_paths_c,
          co_window_broadway_c, co_window_2corner, co_window_of_opportunity_c,
          co_window_broadway_c, co_window_corner_b, glass_columns_a
D:3:      serial_park_tiny_pond
D:4:      temple_hall
D:5:      old_standard_altar
D:6:      kiku_gazebo_garden_becter, amethyst_overflow_temple_binary,
          serial_shops, shop, basic_altar
D:7:      uniq_crazy_yiuf_cottage
Temple:   nicolae_temple_figure_eight

Skill      XL: |  1  2  3  4  5  6  7  8  9 |
---------------+----------------------------+-----
Unarmed Combat | 1 2 3 4 5 7 9 10 | 10.0
Spellcasting   | 2 |  2.0
Shields        | 1 2 4 |  4.0
Necromancy     | 5 6 |  6.0
Invocations    | 2 3 |  3.3
Fighting       | 1 |  1.1
Armour         | |  0.8
Dodging        | |  1.7
Stealth        | |  2.1

Action                   |  1- 3 |  4- 6 |  7- 9 || total
-------------------------+-------+-------+-------++-------
Melee: Unarmed           |    38 |    64 |   137 ||   239
       Punch             |     1 |     3 |     4 ||     8
 Cast: Pain              |    70 |    94 |   143 ||   307
       Animate Skeleton  |       |     5 |     1 ||     6
       Vampiric Draining |       |     1 |    19 ||    20
Evoke: Wand              |       |       |     1 ||     1
  Use: Potion            |       |     3 |     3 ||     6
       Scroll            |       |     1 |     3 ||     4
 Stab: Sleeping          |       |     1 |     1 ||     2
  Eat: Chunk             |     8 |    16 |    19 ||    43
       Ration            |     1 |       |     1 ||     2
Armor: Robe              |     9 |     6 |    24 ||    39
       Leather armour    |     1 |     2 |       ||     3
Dodge: Dodged            |    35 |    50 |    93 ||   178
Block: Buckler           |       |       |    10 ||    10

Table legend:
 A = Spawn XP
 B = Non-spawn XP
 C = Spawn XP percentage of total XP
 D = Spawn monster count
 E = Non-spawn monster count
 F = Spawn count percentage of total count
 G = Total turns spent on level
                    A         B        C        D         E        F      G
               +---------+---------+-------+---------+---------+-------+---------
         Total |       0 |    3053 |   0.0 |       0 |     119 |   0.0 | 11067
               +---------+---------+-------+---------+---------+-------+---------
           D:1 |       0 |      46 |   0.0 |       0 |      25 |   0.0 |  1504
           D:2 |       0 |      20 |   0.0 |       0 |       5 |   0.0 |  1416
           D:3 |       0 |     184 |   0.0 |       0 |      15 |   0.0 |  1929
           D:4 |       0 |     790 |   0.0 |       0 |      33 |   0.0 |  2475
           D:5 |       0 |     607 |   0.0 |       0 |      13 |   0.0 |  2041
           D:6 |       0 |    1058 |   0.0 |       0 |      23 |   0.0 |  1370
           D:7 |       0 |     348 |   0.0 |       0 |       5 |   0.0 |   275
               +---------+---------+-------+---------+---------+-------+---------
